 Dungeon Sprint DCSS version 0.17-a0-1403-g9df874c (webtiles) character file.

35887 Kidiri the Imperceptible (level 13, -1/55 HPs)
             Began as a Spriggan Enchanter on June 20, 2015.
             Was the Champion of Dithmenos.
             Shot with a bolt by a yaktaur captain (40 damage)
             ... in the Dungeon (Sprint III: "The Ten Rune Challenge").
             The game lasted 00:49:39 (7698 turns).

Kidiri the Imperceptible (Spriggan Enchanter)       Turns: 7698, Time: 00:49:41

Health: -1/55      AC:  9    Str:  4    XL:     13   Next: 50%
Magic:  19/35      EV: 31    Int: 23    God:    Dithmenos [******]
Gold:   4730       SH:  0    Dex: 18    Spells: 8 memorised, 19 levels left

rFire  + . .     SeeInvis +     o - +1 dagger of Duty {pierce, rPois Int+5 Stlth+} (curse)
rCold  . . .     Clarity  .     i - +2 robe {MR+}
rNeg   . . .     SustAt   .     (shield restricted)
rPois  +         Gourm    .     B - +1 hat
rElec  .         Spirit   .     x - +1 cloak
rCorr  .         Warding  .     (gloves unavailable)
rMut   .         NoTele   +     (boots unavailable)
MR     +++..                    (no amulet)
Stlth  ++++++++++               (no ring)
                                (no ring)

@: wreathed by umbra, very quick, extremely resistant to hostile enchantments,
uncannily stealthy
A: unfitting armour, yellow scales 1, see invisible, dopey 1, fire resistance 1,
herbivore 3, speed 3, slow metabolism 2
a: Shadow Step, Shadow Form, Renounce Religion


You were in the Dungeon.
You worshipped Dithmenos.
Dithmenos was exalted by your worship.
You were completely stuffed.

You visited 1 branch You collected 5040 gold pieces.
You spent 310 gold pieces at shops.

Inventory:

Hand weapons
 m - a +5 dagger of holy wrath
 o - the cursed +1 dagger of Duty (weapon) {pierce, rPois Int+5 Stlth+}
   (You bought it in a shop in the Dungeon)

   It inflicts extra damage upon your enemies.
   It affects your intelligence (+5).
   It protects you from poison.
   It makes you more stealthy.
   It has a curse placed upon it.
Missiles
 z - 9 throwing nets (quivered)
Armour
 i - a +2 robe of magic resistance (worn)
 x - a +1 cloak (worn)
 B - a +1 hat (worn)
 D - a +1 robe of poison resistance
Jewellery
 d - a cursed -3 ring of intelligence {unknown}
Magical devices
 a - a wand of hasting (3)
 f - a wand of teleportation (7)
 k - a wand of slowing (26)
 y - a wand of polymorph (10)
Scrolls
 b - a scroll of fog
 j - a scroll of blinking
 n - 3 scrolls of remove curse
 p - 2 scrolls of holy word {unknown}
 q - a scroll of magic mapping {unknown}
 C - 5 scrolls of amnesia {unknown}
Potions
 e - 2 potions of curing
 g - a potion of haste
 h - 2 potions of magic
 l - a potion of brilliance
 s - a potion of agility
 t - 5 potions of flight
 u - a potion of berserk rage
 v - a potion of cure mutation
 w - a potion of might
 A - a potion of heal wounds
Books
 c - a book of Maledictions

   Spells                             Type                      Level
   a - Corona                         Hexes                        1
   b - Ensorcelled Hibernation        Hexes/Ice                    2
   c - Confuse                        Hexes                        3
   d - Tukima's Dance                 Hexes                        3
   e - Dazzling Spray                 Conjuration/Hexes            3
Comestibles
 r - 30 royal jellies


   Skills:
 * Level 16.0 Short Blades
 + Level 14.7 Dodging
 * Level 21.7 Stealth
 * Level 17.3 Spellcasting
 + Level 8.2 Conjurations
 + Level 13.0 Hexes
 + Level 9.1 Ice Magic
 + Level 9.0 Air Magic
 + Level 9.7 Poison Magic
 + Level 9.7 Invocations


You had 19 spell levels left.
You knew the following spells:

 Your Spells              Type           Power        Failure   Level  Hunger
a - Corona                Hex            ######.      0%          1    None
b - Ensorcelled Hibernat  Hex/Ice        ######       1%          2    None
c - Confuse               Hex            ######..     1%          3    None
d - Tukima's Dance        Hex            ######..     1%          3    None
e - Dazzling Spray        Conj/Hex       ######..     1%          3    None
f - Mephitic Cloud        Conj/Pois/Air  ######..     1%          3    None
g - Freezing Cloud        Conj/Ice/Air   ######....   12%         6    ####...
h - Poisonous Cloud       Conj/Pois/Air  ######....   12%         6    ####...


Dungeon Overview and Level Annotations

Branches:
Dungeon (1/1)

Altars:
Cheibriados
Dithmenos
Elyvilon
Fedhas
Gozag
Kikubaaqudgha
Makhleb
Nemelex Xobeh
Okawaru
Qazlal
Ru
Sif Muna
Trog
Vehumet
Xom
Yredelemnul
Zin
The Shining One
Jiyva
Lugonu

Shops:
D }?([

Annotations:
D exclusion: orange crystal statue, Lernaean hydra


Innate Abilities, Weirdness & Mutations

You are tiny and cannot use many weapons and most armour.
You have supernaturally acute eyesight.
You are a herbivore.
You cover ground extremely quickly.
You need consume almost no food.
You are partially covered in yellow scales (AC +2).
You are dopey. (Int -2)
Your flesh is heat resistant.


Message History

The ball explodes into a vile cloud!
The stinking cloud engulfs the yaktaur captain.
The yaktaur captain is lightly wounded.
The yaktaur captain is engulfed in noxious fumes.
The yaktaur captain shoots a bolt.
The bolt closely misses you.
You close the door.
You start resting.
A yaktaur captain opens the door.
It is wielding an arbalest of chaos.
Casting: Mephitic Cloud
Confirm with . or Enter, or press ? or * to list all spells.
Aiming: Mephitic Cloud
Press: ? - help, Shift-Dir - straight line, f/p - yaktaur captain
Aim: a yaktaur captain, wielding an arbalest of chaos (lightly wounded, umbra)
The ball explodes into a vile cloud!
The stinking cloud engulfs the yaktaur captain.
The yaktaur captain is lightly wounded.
The yaktaur captain is engulfed in noxious fumes.
The yaktaur captain shoots a bolt.
The bolt hits you!!!
Ouch! That really hurt!
You die...

###.......+..#...PP.#
##.#.#####.####......#
##..'.#)..+.#..#......#
.'..#######.+..#..§...#
##### #.####.§§...#
#.#..#..§.(.#
#.'.§#((..(.#
#.#.§#†.....#
#.#§c§@.....#
+.#§§#..÷...#
#.#)§#......#
###########+#


You could see a yaktaur captain.

Vanquished Creatures
  Rupert (D)
  A deep elf master archer (D)
  Gastronok (D)
  Harold (D)
  Maud (D)
  2 dire elephants (D)
  A deep elf demonologist (D)
  3 deep elf annihilators (D)
  A deep elf death mage (D)
  A fire dragon (D)
  Erolcha (D)
  A deep elf high priest (D)
  A centaur warrior (D)
  4 death yaks (D)
  2 orc high priests (D)
  3 deep elf knights (D)
  A swamp dragon (D)
  An orc knight (D)
  Joseph (D)
  A lindwurm (D)
  2 deep elf conjurers (D)
  2 ugly things (D)
  2 elephants (D)
  2 black mambas (D)
  2 spiny frogs (D)
  A fire drake (D)
  A komodo dragon (D)
  4 spriggan defenders (D)
  3 wandering mushrooms (D)
  A deep elf priest (D)
  8 blink frogs (D)
  A queen bee (D)
  2 trapdoor spiders (D)
  2 slime creatures (D)
  4 redbacks (D)
  A redback (shapeshifter) (D)
  A shadow (D)
  A tarantella (shapeshifter) (D)
  2 hill giants (D)
  A spatial vortex (D)
  2 orc warriors (D)
  3 swamp drakes (D)
  A necrophage (D)
  2 brain worms (D)
  3 two-headed ogres (D)
  A water elemental (D)
  27 killer bees (D)
  A jelly (D)
  6 orc priests (D)
  Jessica (D)
  A necromancer (D)
  A wizard (D)
  A wolf (D)
  A kobold demonologist (D)
  3 humans (D)
  2 oozes (D)
  11 orcs (D)
  A rat (D)
  3 plants (D)
143 creatures vanquished.

Vanquished Creatures (collateral kills)
  2 killer bees (D)
2 creatures vanquished.

Vanquished Creatures (others)
  2 draconian scorchers (D)
  2 hydras (D)
  A death drake (D)
  3 yaktaurs (D)
  3 killer bees (D)
  An electric eel (D)
  A bush (D)
  A plant (D)
14 creatures vanquished.

Grand Total: 159 creatures vanquished

Notes
Turn   | Place    | Note
--------------------------------------------------------------
     0 | D        | Kidiri the Spriggan Enchanter began the quest for the Orb.
     0 | D        | Reached XP level 1. HP: 9/9 MP: 5/5
     5 | D        | Reached skill level 5 in Stealth
    13 | D        | Reached XP level 2. HP: 13/13 MP: 4/7
    17 | D        | Learned a level 2 spell: Ensorcelled Hibernation
    46 | D        | Noticed Jessica
    49 | D        | Killed Jessica
    49 | D        | Reached skill level 6 in Stealth
    49 | D        | Reached skill level 1 in Ice Magic
    49 | D        | Reached XP level 3. HP: 16/16 MP: 8/10
    67 | D        | Learned a level 3 spell: Confuse
    71 | D        | Learned a level 3 spell: Tukima's Dance
    78 | D        | Noticed a wolf
    95 | D        | Killed a wolf
    95 | D        | Reached skill level 7 in Stealth
    95 | D        | Reached skill level 5 in Spellcasting
   101 | D        | Reached XP level 4. HP: 21/21 MP: 0/12
   108 | D        | Learned a level 3 spell: Dazzling Spray
   132 | D        | Gained mutation: You are partially covered in yellow scales (AC +2). [potion of mutation]
   132 | D        | Gained mutation: Your flesh is heat resistant. [potion of mutation]
   133 | D        | Gained mutation: Your spells are a little harder to cast, but a little more powerful. [potion of mutation]
   133 | D        | Lost mutation: Your spells are a little harder to cast, but a little more powerful. [potion of mutation]
   133 | D        | Gained mutation: You are dopey. (Int -2) [potion of mutation]
   148 | D        | Killed a yaktaur
   199 | D        | Killed a white draconian scorcher
   208 | D        | Noticed a water elemental
   219 | D        | Killed a water elemental
   219 | D        | Reached skill level 5 in Short Blades
   219 | D        | Reached skill level 5 in Dodging
   219 | D        | Reached skill level 8 in Stealth
   219 | D        | Reached skill level 1 in Conjurations
   219 | D        | Reached skill level 5 in Hexes
   227 | D        | Killed a yaktaur
   307 | D        | Killed a white draconian scorcher
   366 | D        | Noticed a jelly
   367 | D        | Noticed a shadow
   369 | D        | Killed a shadow
   369 | D        | Reached skill level 10 in Stealth
   369 | D        | Reached XP level 5. HP: 24/24 MP: 14/16
   369 | D        | Reached XP level 6. HP: 28/28 MP: 14/17
   372 | D        | Killed a jelly
   381 | D        | Found a stormy altar of Qazlal.
   381 | D        | Found a sacrificial altar of Ru.
   381 | D        | Found a burning altar of Makhleb.
   381 | D        | Found a shimmering altar of Xom.
   382 | D        | Found a viscous altar of Jiyva.
   382 | D        | Found a shadowy altar of Dithmenos.
   382 | D        | Found a sparkling altar of Nemelex Xobeh.
   382 | D        | Found a corrupted altar of Lugonu.
   382 | D        | Found an opulent altar of Gozag.
   382 | D        | Noticed a spatial vortex
   384 | D        | Killed a spatial vortex
   384 | D        | Reached skill level 11 in Stealth
   387 | D        | Became a worshipper of Dithmenos the Shadowed
   433 | D        | Found a radiant altar of Vehumet.
   434 | D        | Found a deep blue altar of Sif Muna.
   434 | D        | Found an ancient bone altar of Kikubaaqudgha.
   434 | D        | Noticed a wizard
   456 | D        | Killed a wizard
   468 | D        | Learned a level 3 spell: Mephitic Cloud
   475 | D        | Learned a level 6 spell: Freezing Cloud
   555 | D        | Found a glowing silver altar of Zin.
   556 | D        | Found a glowing golden altar of the Shining One.
   556 | D        | Found a white marble altar of Elyvilon.
   556 | D        | Noticed a deep elf priest
   558 | D        | Killed a deep elf priest
   558 | D        | Reached skill level 1 in Air Magic
   558 | D        | Reached skill level 1 in Poison Magic
   558 | D        | Reached skill level 1 in Invocations
   558 | D        | Reached XP level 7. HP: 32/32 MP: 18/20
   567 | D        | Found an iron altar of Okawaru.
   568 | D        | Found a bloodstained altar of Trog.
   568 | D        | Noticed a human
   568 | D        | Noticed a human
   570 | D        | Killed a human
   570 | D        | Reached skill level 12 in Stealth
   571 | D        | Killed a human
   571 | D        | Acquired Dithmenos's first power
   617 | D        | Found a snail-covered altar of Cheibriados.
   617 | D        | Noticed a necrophage
   618 | D        | Found a basalt altar of Yredelemnul.
   618 | D        | Found a blossoming altar of Fedhas.
   618 | D        | Noticed a necromancer
   619 | D        | Killed a necrophage
   619 | D        | Reached XP level 8. HP: 36/36 MP: 22/22
   621 | D        | Killed a necromancer
   637 | D        | Noticed a two-headed ogre
   637 | D        | Noticed a two-headed ogre
   645 | D        | Killed a two-headed ogre
   647 | D        | Noticed a two-headed ogre
   647 | D        | Killed a two-headed ogre
   647 | D        | Acquired Dithmenos's second power
   655 | D        | Killed a two-headed ogre
   655 | D        | Reached skill level 10 in Spellcasting
   822 | D        | Noticed a hill giant
   825 | D        | Killed a hill giant
   825 | D        | Reached skill level 13 in Stealth
   830 | D        | Noticed a hill giant
   830 | D        | Noticed Erolcha
   835 | D        | Killed Erolcha
   835 | D        | Reached XP level 9. HP: 39/39 MP: 20/24
   837 | D        | Noticed a redback
   838 | D        | Killed a hill giant
   838 | D        | Reached skill level 14 in Stealth
   872 | D        | Killed a redback
   872 | D        | Acquired Dithmenos's third power
   872 | D        | Reached skill level 5 in Ice Magic
   944 | D        | Noticed a trapdoor spider
   945 | D        | Noticed a trapdoor spider
   958 | D        | Killed a trapdoor spider
   958 | D        | Reached skill level 10 in Short Blades
  1289 | D        | Killed a trapdoor spider
  1289 | D        | Killed a yaktaur
  1574 | D        | Noticed a killer bee
  1574 | D        | Noticed a killer bee
  1574 | D        | Noticed a killer bee
  1574 | D        | Noticed a killer bee
  1574 | D        | Noticed a killer bee
  1574 | D        | Noticed a killer bee
  1574 | D        | Noticed a killer bee
  1574 | D        | Noticed a killer bee
  1574 | D        | Noticed a killer bee
  1574 | D        | Noticed a killer bee
  1574 | D        | Noticed a queen bee
  1574 | D        | Noticed a killer bee
  1574 | D        | Noticed a killer bee
  1574 | D        | Noticed a killer bee
  1574 | D        | Noticed a killer bee
  1576 | D        | Noticed a killer bee
  1576 | D        | Noticed a killer bee
  1576 | D        | Noticed a killer bee
  1577 | D        | Noticed a killer bee
  1577 | D        | Noticed a killer bee
  1579 | D        | Killed a killer bee
  1579 | D        | Killed a killer bee
  1580 | D        | Noticed a killer bee
  1581 | D        | Noticed a killer bee
  1581 | D        | Killed a killer bee
  1581 | D        | Acquired Dithmenos's fourth power
  1583 | D        | Noticed a killer bee
  1583 | D        | Killed a killer bee
  1584 | D        | Killed a killer bee
  1588 | D        | Killed a killer bee
  1591 | D        | Killed a killer bee
  1592 | D        | Noticed a killer bee
  1592 | D        | Noticed a killer bee
  1592 | D        | Killed a killer bee
  1594 | D        | Killed a killer bee
  1595 | D        | Killed a killer bee
  1597 | D        | Noticed a killer bee
  1597 | D        | Killed a killer bee
  1599 | D        | Noticed a killer bee
  1599 | D        | Noticed a killer bee
  1599 | D        | Noticed a killer bee
  1599 | D        | Killed a killer bee
  1601 | D        | Killed a killer bee
  1601 | D        | Killed a killer bee
  1608 | D        | Noticed a killer bee
  1608 | D        | Killed a killer bee
  1610 | D        | Noticed a killer bee
  1610 | D        | Killed a killer bee
  1612 | D        | Killed a killer bee
  1612 | D        | Reached skill level 10 in Dodging
  1614 | D        | Killed a killer bee
  1617 | D        | Killed a killer bee
  1619 | D        | Killed a killer bee
  1621 | D        | Killed a killer bee
  1623 | D        | Killed a killer bee
  1627 | D        | Killed a killer bee
  1767 | D        | Learned a level 6 spell: Poisonous Cloud
  1777 | D        | Killed a killer bee
  1781 | D        | Killed a killer bee
  1781 | D        | Reached skill level 15 in Stealth
  1786 | D        | Killed a killer bee
  1792 | D        | Killed a killer bee
  1794 | D        | Killed a killer bee
  1796 | D        | Killed a killer bee
  1801 | D        | Killed a killer bee
  1806 | D        | Killed a killer bee
  1814 | D        | Killed a killer bee
  1955 | D        | Killed a queen bee
  1955 | D        | Reached XP level 10. HP: 44/44 MP: 23/27
  2055 | D        | Noticed a wandering mushroom
  2059 | D        | Killed a wandering mushroom
  2059 | D        | Reached skill level 5 in Poison Magic
  2060 | D        | Noticed a wandering mushroom
  2061 | D        | Noticed a wandering mushroom
  2062 | D        | Killed a wandering mushroom
  2062 | D        | Reached skill level 5 in Conjurations
  2062 | D        | Reached skill level 5 in Invocations
  2065 | D        | Killed a wandering mushroom
  2096 | D        | Noticed a spiny frog
  2096 | D        | Noticed a komodo dragon
  2096 | D        | Noticed a spiny frog
  2099 | D        | Killed a spiny frog
  2099 | D        | Reached skill level 5 in Air Magic
  2100 | D        | Killed a spiny frog
  2116 | D        | Killed a komodo dragon
  2181 | D        | Noticed a redback
  2183 | D        | Killed a redback
  2183 | D        | Reached skill level 16 in Stealth
  2184 | D        | Noticed a brain worm
  2187 | D        | Killed a brain worm
  2197 | D        | Noticed a brain worm
  2199 | D        | Killed a brain worm
  2202 | D        | Noticed a lindwurm
  2204 | D        | Noticed a redback
  2205 | D        | Killed a lindwurm
  2207 | D        | Killed a redback
  2213 | D        | Noticed a redback
  2214 | D        | Killed a redback
  2215 | D        | Noticed Maud
  2217 | D        | Killed Maud
  2217 | D        | Reached skill level 10 in Hexes
  2347 | D        | Noticed a swamp drake
  2347 | D        | Noticed a fire drake
  2356 | D        | Killed a fire drake
  2356 | D        | Reached XP level 11. HP: 44/47 MP: 22/29
  2361 | D        | Killed a swamp drake
  2431 | D        | Noticed an electric eel
  2432 | D        | Noticed a five-headed hydra
  2432 | D        | Noticed a six-headed hydra
  2435 | D        | Noticed a death drake
  2480 | D        | Killed a death drake
  2534 | D        | Killed a five-headed hydra
  2558 | D        | Killed an electric eel
  2600 | D        | Noticed Joseph
  2601 | D        | Noticed Harold
  2614 | D        | Killed Joseph
  2614 | D        | Reached skill level 17 in Stealth
  2628 | D        | Killed Harold
  2776 | D        | Killed a six-headed hydra
  2826 | D        | Noticed an orc priest
  2826 | D        | Noticed an orc priest
  2859 | D        | Noticed an orc high priest
  2860 | D        | Noticed an orc priest
  2860 | D        | Noticed an orc warrior
  2860 | D        | Noticed an orc priest
  2860 | D        | Noticed an orc knight
  2860 | D        | Noticed an orc warrior
  2860 | D        | Noticed an orc priest
  2860 | D        | Found Fyhicwocacs's Antique Armour Emporium.
  2861 | D        | Killed an orc high priest
  2862 | D        | Killed an orc priest
  2864 | D        | Killed an orc priest
  2865 | D        | Killed an orc knight
  2868 | D        | Killed an orc priest
  2888 | D        | Killed an orc warrior
  2897 | D        | Killed an orc warrior
  3023 | D        | Noticed a deep elf conjurer
  3023 | D        | Noticed a deep elf knight
  3023 | D        | Noticed a deep elf conjurer
  3023 | D        | Noticed a deep elf knight
  3023 | D        | Noticed a deep elf knight
  3029 | D        | Noticed a deep elf annihilator
  3031 | D        | Killed a deep elf knight
  3031 | D        | Reached skill level 18 in Stealth
  3032 | D        | Killed a deep elf conjurer
  3104 | D        | Killed a deep elf knight
  3150 | D        | Killed a deep elf knight
  3406 | D        | Killed a deep elf conjurer
  3476 | D        | Noticed a deep elf annihilator
  3482 | D        | Noticed a deep elf death mage
  3482 | D        | Killed a deep elf annihilator
  3483 | D        | Killed a deep elf annihilator
  3483 | D        | Reached XP level 12. HP: 51/51 MP: 27/31
  3499 | D        | Noticed a deep elf annihilator
  3500 | D        | Noticed a deep elf demonologist
  3523 | D        | Noticed a deep elf high priest
  3536 | D        | Killed a deep elf death mage
  3536 | D        | Reached skill level 19 in Stealth
  3712 | D        | Noticed a deep elf master archer
  3959 | D        | Noticed an orc priest
  3959 | D        | Noticed an orc high priest
  3960 | D        | Killed an orc priest
  3961 | D        | Killed an orc priest
  3963 | D        | Killed an orc high priest
  3963 | D        | Reached skill level 15 in Spellcasting
  3964 | D        | Killed an orc priest
  4055 | D        | Noticed a spriggan defender
  4056 | D        | Noticed a spriggan defender
  4056 | D        | Noticed a spriggan defender
  4056 | D        | Noticed a spriggan defender
  4057 | D        | Killed a spriggan defender
  4058 | D        | Killed a spriggan defender
  4060 | D        | Killed a spriggan defender
  4061 | D        | Killed a spriggan defender
  4150 | D        | Noticed a green ugly thing
  4152 | D        | Killed a green ugly thing
  4189 | D        | Noticed a centaur warrior
  4191 | D        | Killed a centaur warrior
  4211 | D        | Noticed a fire dragon
  4214 | D        | Killed a fire dragon
  4358 | D        | Noticed a slime creature
  4360 | D        | Killed a slime creature
  4415 | D        | Noticed an orange crystal statue
  4479 | D        | Noticed a blink frog
  4479 | D        | Noticed a blink frog
  4479 | D        | Noticed a blink frog
  4479 | D        | Noticed a blink frog
  4482 | D        | Killed a blink frog
  4484 | D        | Killed a blink frog
  4485 | D        | Noticed a blink frog
  4486 | D        | Killed a blink frog
  4492 | D        | Killed a blink frog
  4498 | D        | Killed a blink frog
  4522 | D        | Noticed Rupert
  4526 | D        | Killed Rupert
  4526 | D        | Reached skill level 20 in Stealth
  4533 | D        | Noticed a death yak
  4534 | D        | Noticed a death yak
  4534 | D        | Noticed a blink frog
  4534 | D        | Noticed an azure jelly
  4534 | D        | Noticed a death yak
  4534 | D        | Noticed an azure jelly
  4534 | D        | Noticed a blink frog
  4534 | D        | Noticed a death yak
  4535 | D        | Killed a death yak
  4536 | D        | Killed a death yak
  4537 | D        | Killed a blink frog
  4538 | D        | Noticed a blink frog
  4538 | D        | Noticed a black mamba
  4539 | D        | Killed a death yak
  4540 | D        | Noticed a black mamba
  4541 | D        | Killed a death yak
  4542 | D        | Killed a blink frog
  4543 | D        | Killed a blink frog
  4545 | D        | Killed a black mamba
  4546 | D        | Killed a black mamba
  4546 | D        | Reached skill level 15 in Short Blades
  4567 | D        | Noticed an azure jelly
  4567 | D        | Noticed an azure jelly
  4646 | D        | Noticed a swamp drake
  4647 | D        | Noticed a swamp dragon
  4648 | D        | Killed a swamp drake
  4649 | D        | Noticed a swamp drake
  4649 | D        | Found Tukaifemu's Gadget Shoppe.
  4649 | D        | Found Weveulal's Magic Scroll Boutique.
  4649 | D        | Found Mubat's Antique Weapon Emporium.
  4650 | D        | Killed a swamp dragon
  4650 | D        | Reached XP level 13. HP: 55/55 MP: 29/34
  4653 | D        | Killed a swamp drake
  4669 | D        | Bought a scroll of fog for 20 gold pieces
  4669 | D        | Bought a scroll of enchant armour for 75 gold pieces
  4669 | D        | Bought a scroll of identify for 20 gold pieces
  4669 | D        | Bought a scroll of identify for 20 gold pieces
  4673 | D        | Bought a polished dagger for 175 gold pieces
  4673 | D        | Identified the cursed +1 dagger of Duty {pierce, rPois Int+5 Stlth+} (You bought it in a shop in the Dungeon)
  4677 | D        | Noticed a swamp dragon
  4677 | D        | Noticed a swamp dragon
  4803 | D        | Noticed an eight-headed hydra
  4805 | D        | Noticed the 27-headed Lernaean hydra
  4860 | D        | Noticed an elephant
  4860 | D        | Noticed an elephant
  4860 | D        | Noticed a dire elephant
  4860 | D        | Noticed a dire elephant
  4860 | D        | Noticed Gastronok
  4885 | D        | Killed a dire elephant
  4964 | D        | Killed a dire elephant
  4967 | D        | Killed an elephant
  5127 | D        | Killed an elephant
  5190 | D        | Killed Gastronok
  5190 | D        | Reached skill level 21 in Stealth
  5530 | D        | Killed a deep elf demonologist
  6378 | D        | Killed a deep elf annihilator
  6586 | D        | HP: 2/55 [deep elf master archer/arrow (26)]
  6962 | D        | Killed a deep elf high priest
  6963 | D        | Killed a deep elf master archer
  7357 | D        | Noticed a yaktaur captain
  7357 | D        | Noticed a yaktaur captain
  7357 | D        | Noticed a yaktaur
  7421 | D        | Noticed a white ugly thing
  7422 | D        | Noticed a water nymph
  7422 | D        | Noticed a slime creature
  7423 | D        | Killed a white ugly thing
  7424 | D        | Noticed a shock serpent
  7424 | D        | Noticed a boulder beetle
  7424 | D        | Noticed a yaktaur captain
  7425 | D        | Killed a slime creature
  7426 | D        | a boulder beetle changed into a mana viper
  7426 | D        | a water nymph changed into a moth of wrath
  7429 | D        | a shock serpent changed into a boulder beetle
  7698 | D        | Shot with a bolt by a yaktaur captain

Vault maps used:
D:        dungeon_sprint_mu

Action                   |  1- 3 |  4- 6 |  7- 9 | 10-12 | 13-15 || total
-------------------------+-------+-------+-------+-------+-------++-------
Melee: Dagger            |    10 |    19 |    92 |   228 |    65 ||   414
 Cast: Corona            |     1 |       |       |       |       ||     1
       Ensorcelled Hiber |     5 |     3 |    37 |    11 |    12 ||    68
       Confuse           |       |     2 |     5 |     3 |     7 ||    17
       Dazzling Spray    |       |     1 |     1 |     7 |    11 ||    20
       Mephitic Cloud    |       |       |     2 |    19 |    11 ||    32
       Freezing Cloud    |       |       |       |       |    13 ||    13
       Poisonous Cloud   |       |       |       |       |     5 ||     5
Invok: Shadow Step       |       |       |     1 |    13 |     3 ||    17
  Use: Potion            |       |     3 |       |     2 |     1 ||     6
       Scroll            |       |     2 |       |     1 |     3 ||     6
 Stab: Sleeping          |     5 |     4 |    25 |    52 |     6 ||    92
       Confused          |       |     1 |     5 |     8 |     3 ||    17
       Invisible         |       |     1 |       |       |       ||     1
       Distracted        |       |       |     1 |       |       ||     1
       Held in net/web   |       |       |     1 |       |       ||     1
  Eat: Bread ration      |       |       |       |     1 |       ||     1
       Royal jelly       |       |       |       |       |     5 ||     5
       Fruit             |       |       |       |       |     2 ||     2
